 Dungeon Crawl Stone Soup version 0.22-a0-117-g314b907 (webtiles) character file.

3437 Faca the Basher (level 10, -2/65 HPs)
             Began as a Gargoyle Fighter on Jan 29, 2018.
             Was a Believer of Okawaru.
             Slain by a two-headed ogre
             ... wielding a +0 giant club
              (16 damage)
             ... on level 8 of the Dungeon.
             The game lasted 00:13:39 (6928 turns).

Faca the Basher (Gargoyle Fighter)                  Turns: 6928, Time: 00:13:40

Health: -2/65      AC: 19    Str: 21    XL:     10   Next: 5%
Magic:  10/10      EV:  5    Int: 10    God:    Okawaru [**....]
Gold:   332        SH:  9    Dex: 14    Spells: 9/9 levels left

rFire    . . .     SeeInvis .   s - +0 mace (venom)
rCold    . . .     Gourm    .   c - +0 shield
rNeg     + . .     Faith    .   t - +0 chain mail
rPois    ∞         Spirit   .   r - +0 helmet
rElec    +         Reflect  .   (no cloak)
rCorr    .         Harm     .   B - +0 pair of gloves
MR       +....                  j - +0 pair of boots
Stlth    ..........             (no amulet)
HPRegen  0.20/turn              g - +4 ring of dexterity
MPRegen  0.12/turn              C - ring of Tazxipek {+Inv rElec MR+}

@: no status effects
A: negative energy resistance 1, electricity resistance, unbreathing,
petrification resistance, rot immunity, AC +7
a: Heroism, Renounce Religion, Evoke Invisibility


You were on level 8 of the Dungeon.
You worshipped Okawaru.
Okawaru was pleased with you.
You were not hungry.

You visited 1 branch of the dungeon, and saw 8 of its levels.

You collected 332 gold pieces.

Inventory:

Hand Weapons
 s - a +0 mace of venom (weapon)
 y - the +3 hunting sling of Youthful Indiscretion {speed, rElec rN+ Dex+4}
   (You found it on level 4 of the Dungeon)

   Attacks with this weapon are significantly faster.
   It affects your dexterity (+4).
   It insulates you from electricity.
   It protects you from negative energy.
 A - a +0 flail of protection
Missiles
 z - 97 stones (quivered)
 F - 35 sling bullets
 G - 10 tomahawks
Armour
 c - a +0 shield (worn)
 j - a +0 pair of boots (worn)
 r - a +0 helmet (worn)
 t - a +0 chain mail (worn)
 B - a +0 pair of gloves (worn)
Jewellery
 g - a +4 ring of dexterity (left hand)
 l - an uncursed ring of resist corrosion
 o - an uncursed ring of protection from cold
 C - the ring of Tazxipek (right hand) {+Inv rElec MR+}
   (You found it on level 6 of the Dungeon)

   [ring of protection from magic]

   It insulates you from electricity.
   It affects your resistance to hostile enchantments.
   It lets you turn invisible.
Wands
 H - a wand of paralysis (11)
 I - a wand of polymorph (12)
Scrolls
 b - 2 scrolls of enchant weapon {unknown}
 k - 2 scrolls of fear
 m - 5 scrolls of remove curse
 p - a scroll of enchant armour {unknown}
 q - 2 scrolls of noise {unknown}
 v - a scroll of blinking {unknown}
 w - a scroll of magic mapping {unknown}
 x - 3 scrolls of teleportation {unknown}
 D - a scroll of immolation {unknown}
Potions
 a - a potion of flight
 d - a potion of cancellation
 e - a potion of brilliance
 h - 6 potions of curing
 i - 2 potions of berserk rage
 n - 3 potions of agility
 u - 2 potions of heal wounds {unknown}
 E - a potion of magic {unknown}
 J - a potion of might
Comestibles
 f - 9 rations


   Skills:
 + Level 8.7 Fighting
 * Level 10.5 Maces & Flails
 + Level 5.1 Throwing
 - Level 3.2 Armour
 - Level 3.2 Shields


You had 9 spell levels left.
You didn't know any spells.

Dungeon Overview and Level Annotations

Branches:
Dungeon (8/15)             Temple (0/1) D:7
   Lair: D:8-11

Altars:
Dithmenos
Fedhas
Gozag
Okawaru
Yredelemnul


Innate Abilities, Weirdness & Mutations

You are resistant to torment.
Your stone body is resilient. (AC +7)
You are immune to poison.
You resist negative energy. (rN+)
You are resistant to electric shocks. (rElec)
You can survive without breathing.
You are immune to petrification.
You are immune to rotting.


Message History

The two-headed ogre is lightly wounded.
The two-headed ogre hits you with a giant club!!
The two-headed ogre hits you with a giant club.
You hit the two-headed ogre.
The two-headed ogre is lightly wounded.
The phantom hits you but does no damage.
You hit the two-headed ogre but do no damage.
The two-headed ogre is lightly wounded.
The two-headed ogre hits you with a giant club!
The two-headed ogre hits you with a giant club.
The phantom blinks!
You are too injured to fight recklessly!
You are too injured to fight recklessly!
You sock the two-headed ogre!
The two-headed ogre looks as sick as possible!
The two-headed ogre is moderately wounded.
The two-headed ogre hits you with a giant club!
* * * LOW HITPOINT WARNING * * *
The two-headed ogre hits you with a giant club!
You die...

#.##..
#.##.# #.#
#.##.# #.#
#.##.# #.#
#.##.# #.#
#.##.# #.# #
#######.##.#
#.###.###
........##.#
#.O......
####.......#
#@....#
######..#
##§#####
#>.####...#
#.........#
#.#####...#
#.# ##.##
#.# W..# #.#
?#.# #.# .
.#


You could see a two-headed ogre and a phantom.

Vanquished Creatures
  The ghost of COBRA the Cleaver, a novice MiFi of Makhleb (D:7)
  Psyche (D:8)
  A yak (D:8)
  The ghost of ws the Poker, an amateur FoWr (D:3)
  An ice beast (D:6)
  A porcupine (D:8)
  A sky beast (D:5)
  2 black bears
  An orc warrior (D:6)
  3 phantoms
  A centaur (D:7)
  2 crocodiles (D:8)
  2 big kobolds (D:8)
  A bullfrog (D:6)
  Blork the orc (D:5)
  A scorpion (D:8)
  A centaur zombie (D:8)
  6 crimson imps
  A bullfrog zombie (D:8)
  2 centaur skeletons
  A hound (D:5)
  2 jellies
  2 orc priests (D:4)
  3 orc wizards
  An iguana (D:4)
  7 worker ants
  A killer bee zombie (D:6)
  A hound zombie (D:8)
  7 adders
  A howler monkey skeleton (D:5)
  4 worms
  5 leopard geckos
  32 orcs
  3 giant cockroaches
  6 goblins
  3 hobgoblins
  8 jackals
  A quokka (D:2)
  4 ball pythons
  7 bats
  8 frilled lizards
  A giant cockroach zombie (D:6)
  16 kobolds
  A quokka zombie (D:6)
  5 rats
161 creatures vanquished.

Vanquished Creatures (others)
  A fungus (D:8)
  A plant (D:8)
2 creatures vanquished.

Grand Total: 163 creatures vanquished

Notes
Turn   | Place    | Note
-------+----------+-------------------------------------------
     0 | D:1      | Faca the Gargoyle Fighter began the quest for the Orb.
     0 | D:1      | Reached XP level 1. HP: 14/14 MP: 1/1
   296 | D:1      | Reached XP level 2. HP: 15/19 MP: 2/2
   866 | D:2      | Reached skill level 3 in Maces & Flails
   894 | D:2      | Reached XP level 3. HP: 24/24 MP: 3/3
  1462 | D:3      | Reached XP level 4. HP: 29/29 MP: 4/4
  1499 | D:3      | Noticed ws's ghost (amateur FoWr)
  1509 | D:3      | HP: 1/29 [ws's ghost (10)]
  1515 | D:3      | Killed ws's ghost
  1515 | D:3      | Reached skill level 4 in Maces & Flails
  1515 | D:3      | Reached XP level 5. HP: 2/34 MP: 5/5
  1918 | D:3      | Reached skill level 5 in Maces & Flails
  1928 | D:3      | Reached XP level 6. HP: 39/40 MP: 6/6
  2148 | D:3      | Found a basalt altar of Yredelemnul.
  2148 | D:3      | Found an opulent altar of Gozag.
  2683 | D:4      | Reached skill level 5 in Fighting
  2808 | D:4      | Reached skill level 6 in Maces & Flails
  2813 | D:4      | Reached XP level 7. HP: 8/44 MP: 7/7
  3330 | D:4      | Got an ancient hunting sling
  3331 | D:4      | Identified the +3 hunting sling of Youthful Indiscretion {speed, rElec rN+ Dex+4} (You found it on level 4 of the Dungeon)
  3370 | D:5      | Entered Level 5 of the Dungeon
  3370 | D:5      | Noticed Blork the orc
  3377 | D:5      | Killed Blork the orc
  3498 | D:5      | Reached skill level 7 in Maces & Flails
  3498 | D:5      | Reached skill level 1 in Throwing
  3620 | D:5      | Reached XP level 8. HP: 45/52 MP: 8/8
  4231 | D:6      | Got a scintillating turquoise ring
  4233 | D:6      | Identified the ring of Tazxipek {+Inv rElec MR+} (You found it on level 6 of the Dungeon)
  4296 | D:6      | Reached skill level 8 in Maces & Flails
  4933 | D:7      | Noticed COBRA's ghost (novice MiFi)
  5152 | D:7      | Found an iron altar of Okawaru.
  5171 | D:7      | Became a worshipper of Warmaster Okawaru
  5628 | D:7      | Reached XP level 9. HP: 45/57 MP: 9/9
  5858 | D:7      | Found a shadowy altar of Dithmenos.
  5858 | D:7      | Found a blossoming altar of Fedhas.
  5906 | D:7      | Killed COBRA's ghost
  5906 | D:7      | Reached * piety under Okawaru
  5906 | D:7      | Reached skill level 9 in Maces & Flails
  6127 | D:7      | Found a staircase to the Ecumenical Temple.
  6477 | D:8      | Reached skill level 10 in Maces & Flails
  6613 | D:8      | Noticed Psyche
  6624 | D:8      | Paralysed by Psyche for 5 turns
  6632 | D:8      | Killed Psyche
  6634 | D:8      | Reached ** piety under Okawaru
  6663 | D:8      | Reached skill level 5 in Throwing
  6663 | D:8      | Reached XP level 10. HP: 45/65 MP: 10/10
  6921 | D:8      | Noticed a two-headed ogre
  6928 | D:8      | Slain by a two-headed ogre

Vault maps used:
D:1:      ncdulo_halloftheorcs
D:3:      amethyst_overflow_temple_binary
D:5:      first_ration, uniq_blork_the_orc
D:7:      okawaru_trees_1, gammafunk_temple_overflow_elements, temple_doors_cd,
          wad_floor_pattern_untrapped
D:8:      grunt_lair_entry_orc_guard_hut, uniq_psyche

Skill      XL: |  1  2  3  4  5  6  7  8  9 |
---------------+----------------------------+-----
Maces & Flails | 3 4 5 6 7 8 10 | 10.5
Fighting       | 4 5 6 7 8 |  8.7
Throwing       | 1 3 5 |  5.1
Armour         | |  3.2
Shields        | |  3.2

Action                   |  1- 3 |  4- 6 |  7- 9 | 10-12 || total
-------------------------+-------+-------+-------+-------++-------
Melee: Flail             |   164 |    48 |       |       ||   212
       Mace              |       |    78 |   331 |    38 ||   447
 Fire: Hunting sling     |       |       |    53 |       ||    53
Evoke: Wand              |       |       |     2 |       ||     2
  Use: Scroll            |     5 |       |     4 |       ||     9
       Potion            |       |     1 |       |       ||     1
  Eat: Chunk             |     1 |     2 |       |       ||     3
       Ration            |     1 |       |     4 |       ||     5
Armor: Scale mail        |   100 |    16 |       |       ||   116
       Chain mail        |       |    54 |   174 |    22 ||   250
Dodge: Dodged            |    65 |    31 |    62 |     6 ||   164
Block: Shield            |   106 |    55 |   125 |    38 ||   324

Table legend:
 A = Spawn XP
 B = Non-spawn XP
 C = Spawn XP percentage of total XP
 D = Spawn monster count
 E = Non-spawn monster count
 F = Spawn count percentage of total count
 G = Total turns spent on level
                    A         B        C        D         E        F      G
               +---------+---------+-------+---------+---------+-------+---------
         Total |       0 |    4910 |   0.0 |       0 |     161 |   0.0 |  6928
               +---------+---------+-------+---------+---------+-------+---------
           D:1 |       0 |      22 |   0.0 |       0 |      13 |   0.0 |   752
           D:2 |       0 |      59 |   0.0 |       0 |      21 |   0.0 |   702
           D:3 |       0 |     265 |   0.0 |       0 |      28 |   0.0 |  1456
           D:4 |       0 |     434 |   0.0 |       0 |      18 |   0.0 |   460
           D:5 |       0 |     613 |   0.0 |       0 |      19 |   0.0 |   674
           D:6 |       0 |     657 |   0.0 |       0 |      21 |   0.0 |  1056
           D:7 |       0 |    1002 |   0.0 |       0 |      12 |   0.0 |  1262
           D:8 |       0 |    1858 |   0.0 |       0 |      29 |   0.0 |   566
               +---------+---------+-------+---------+---------+-------+---------
